 Dungeon Crawl Stone Soup version 0.25-a0-86-ga6f17ae7d4 (webtiles) character file.

Game seed: 14119035166114654626, levelgen mode: deterministic

121 Gumption the Shield-Bearer (level 5, 0/42 HPs)
             Began as a Barachi Fighter on Nov 9, 2019.
             Slain by an orc wizard
             ... wielding a +0 dagger
              (1 damage)
             ... on level 3 of the Dungeon.
             The game lasted 00:13:11 (1806 turns).

Gumption the Shield-Bearer (Barachi Fighter)        Turns: 1806, Time: 00:13:12

Health: 0/42       AC: 10    Str: 18    XL:     5   Next: 5%
Magic:  5/5        EV: 10    Int:  8    God:
Gold:   161        SH: 10    Dex: 17    Spells: 4/4 levels left

rFire    . . .     SeeInvis .   a - +0 long sword
rCold    . . .     Gourm    .   c - +0 shield
rNeg     . . .     Faith    .   g - +0 chain mail
rPois    .         Spirit   .   (no helmet)
rElec    .         Reflect  .   (no cloak)
rCorr    .         Harm     .   (no gloves)
MR       .....                  x - +0 pair of boots
Stlth    ..........             (no amulet)
HPRegen  0.14/turn              (no ring)
MPRegen  0.09/turn              (no ring)

@: agile, slowed, very slow
A: +LOS, swims, slowness 1, strong legs 1
a: Hop


You were on level 3 of the Dungeon.
You were hungry.

You visited 1 branch of the dungeon, and saw 3 of its levels.

You collected 161 gold pieces.

Inventory:

Hand Weapons
 a - a +0 long sword (weapon)
 b - a +0 hunting sling
Missiles
 h - 65 stones (quivered)
 y - 12 poisoned darts
Armour
 c - a +0 shield (worn)
 g - a +0 chain mail (worn)
 t - a +0 scale mail
 u - a +0 plate armour
 x - a +0 pair of boots (worn)
Jewellery
 o - an uncursed ring of magical power {unknown}
 v - a +4 ring of evasion {unknown}
 w - an uncursed ring of fire {unknown}
Scrolls
 f - a scroll of fear {unknown}
 i - a scroll of teleportation {unknown}
 j - a scroll of fog {unknown}
 l - a scroll of noise {unknown}
 n - a scroll of random uselessness {unknown}
 p - a scroll of identify
 r - a scroll of remove curse {unknown}
Potions
 d - a potion of might
 k - a potion of mutation
 m - 2 potions of cancellation
 s - a potion of brilliance
Comestibles
 e - 3 rations


   Skills:
 + Level 4.2 Fighting
 * Level 4.1 Long Blades
 + Level 4.3 Armour
 * Level 4.4 Shields


You had 4 spell levels left.
You didn't know any spells.
Your spell library was empty.

Dungeon Overview and Level Annotations

Branches:
Dungeon (3/15)

Altars:


Innate Abilities, Weirdness & Mutations

Shadows flee at your approach. (+LOS)
You can swim through water.
You cover ground slowly.
You can hop short distances.


Message History

The orc wizard misses you. Something hits you but does no damage.
You completely miss the orc wizard.
The orc wizard is moderately wounded.
The orc wizard hits you but does no damage. x2
Something hits you but does no damage. You block the orc wizard's attack.
You closely miss the orc wizard.
The orc wizard is moderately wounded.
The orc wizard hits you with a +0 dagger.
* * * LOW HITPOINT WARNING * * *
Something hits you but does no damage.
The orc wizard hits you but does no damage.
Something hits you but does no damage.
The orc wizard hits you with a +0 dagger.
* * * LOW HITPOINT WARNING * * *
You hit the orc wizard.
The orc wizard is heavily wounded.
An orc wizard appears from thin air!
Reactivating autopickup.
The orc wizard hits you with a +0 dagger.
You die...

#......# ##### #.# #.
#......####...# #.# #.
.........##...# #.# #.
.......#.##...####.#####.
#..$...........[....
#{#o.#...###.######.
#.##.#..............
#o##).....##.#######
#So@o.....##.#
#####.....##.#######
.......>#.#.†....
......###.#.#.#####
....... #.#.#.#....
.......##.#.#......
...(...##.#.#####.#
....#.#.......#
..#.#.#########


You could see 2 orc wizards, an adder and an orc.

Vanquished Creatures
  An orc priest (D:3)
  Natasha (D:3)
  2 adders (D:2)
  3 worms
  2 orcs (D:3)
  4 hobgoblins (D:1)
  3 jackals (D:1)
  2 quokkas
  A ball python (D:3)
  2 bats (D:1)
  3 frilled lizards
  10 goblins
  3 kobolds
  5 rats
42 creatures vanquished.

Notes
Turn   | Place    | Note
-------+----------+-------------------------------------------
     0 | D:1      | Gumption the Barachi Fighter began the quest for the Orb.
     0 | D:1      | Reached XP level 1. HP: 18/18 MP: 1/1
   234 | D:1      | Reached XP level 2. HP: 24/25 MP: 2/2
   691 | D:2      | Reached XP level 3. HP: 26/30 MP: 3/3
  1632 | D:3      | Reached XP level 4. HP: 37/37 MP: 4/4
  1773 | D:3      | Noticed Natasha
  1784 | D:3      | Killed Natasha
  1784 | D:3      | Reached XP level 5. HP: 25/42 MP: 5/5
  1805 | D:3      | HP: 1/42 [orc wizard/+0 dagger (3)]
  1806 | D:3      | Slain by an orc wizard

Levels and vault maps discovered:
D:1:      eino_arrival_cavern_c, layout_loops_cross
D:2:      minmay_wonky_spiral, layout_rooms
D:3:      layout_basic, first_ration, ebering_ghost_sewer_f,
          corexii_hall_statues_x, uniq_natasha

Skill      XL: |  1  2  3  4 |
---------------+-------------+-----
Long Blades    | 3 4 |  4.1
Armour         | 4 |  4.3
Fighting       | 4 |  4.2
Shields        | 4 |  4.4

Action                   |  1- 3 |  4- 6 || total
-------------------------+-------+-------++-------
Melee: Long sword        |   145 |    44 ||   189
 Fire: Hunting sling     |    12 |     3 ||    15
Throw: Stone             |    16 |       ||    16
  Use: Scroll            |       |     4 ||     4
       Potion            |       |     1 ||     1
  Eat: Ration            |     1 |       ||     1
Armor: Chain mail        |    78 |    21 ||    99
       Scale mail        |    10 |       ||    10
Dodge: Dodged            |    37 |    10 ||    47
Block: Shield            |    89 |    24 ||   113
       Rpst.: Long sword |    13 |     3 ||    16

Table legend:
 A = Non-vault XP
 B = Vault XP
 C = Vault XP percentage of total XP
 D = Non-vault monster count
 E = Vault monster count
 F = Vault count percentage of total count
                 A         B        C        D         E       F
            +---------+---------+-------+---------+---------+-------
      Total |     129 |      45 |  25.9 |      37 |       5 |  11.9
            +---------+---------+-------+---------+---------+-------
        D:1 |      28 |       0 |   0.0 |      18 |       0 |   0.0
        D:2 |      40 |      10 |  20.0 |       8 |       4 |  33.3
        D:3 |      61 |      35 |  36.5 |      11 |       1 |   8.3
            +---------+---------+-------+---------+---------+-------
